 Dungeon Crawl Stone Soup version 0.25-a0-413-g3b4b6a4ccc (webtiles) character file.

Game seed: 1948356231449750829, levelgen mode: deterministic

485 MisterFreud the Cutter (level 7, -4/59 HPs)
             Began as a Gnoll Chaos Knight on Jan 14, 2020.
             Was a Plaything of Xom.
             Killed from afar by a steam dragon (17 damage)
             ... with a ball of steam
             ... led by Pikel
             ... on level 4 of the Dungeon.
             The game lasted 00:08:06 (3228 turns).

MisterFreud the Cutter (Gnoll Chaos Knight)         Turns: 3228, Time: 00:08:07

Health: -4/59      AC:  8    Str: 15    XL:     7   Next: 13%
Magic:  10/10      EV: 13    Int: 16    God:    Xom [.*....]
Gold:   200        SH:  0    Dex: 14    Spells: 10/10 levels left

rFire    . . .     SeeInvis +   p - +2 quarterstaff (chaos)
rCold    . . .     Gourm    .   (shield currently unavailable)
rNeg     . . .     Faith    .   b - +2 leather armour
rPois    .         Spirit   .   (no helmet)
rElec    .         Reflect  .   q - +2 cloak
rCorr    .         Harm     .   (no gloves)
MR       .....                  (no boots)
Stlth    ++........             (no amulet)
HPRegen  0.19/turn              k - ring of flight
MPRegen  0.12/turn              o - ring of see invisible

@: cleaving
A: distributed training, fangs 1, strong nose
a: Renounce Religion, Evoke Flight


You were on level 4 of the Dungeon.
You worshipped Xom.
You were a plaything of Xom.
You were hungry.

You visited 1 branch of the dungeon, and saw 4 of its levels.

You collected 200 gold pieces.

Inventory:

Hand Weapons
 a - a +0 short sword of chaos
 p - a +2 quarterstaff of chaos (weapon)
Missiles
 d - 99 stones (quivered)
 n - 14 arrows
 r - 23 bolts
Armour
 b - a +2 leather armour (worn)
 q - a +2 cloak (worn)
Jewellery
 j - an uncursed ring of fire
 k - a ring of flight (left hand)
 o - a ring of see invisible (right hand)
Scrolls
 i - 2 scrolls of remove curse
 l - 2 scrolls of teleportation
Potions
 e - a potion of ambrosia {unknown}
 g - 3 potions of mutation
 h - a potion of curing
 m - a potion of experience {unknown}
 s - a potion of brilliance
 t - a potion of lignification {unknown}
 v - a potion of agility {unknown}
 w - a potion of flight {unknown}
Comestibles
 c - 7 rations


   Skills:
 + Level 6.9 Fighting
 + Level 6.9 Short Blades
 + Level 2.2 Long Blades
 + Level 2.2 Axes
 + Level 2.2 Maces & Flails
 + Level 2.2 Polearms
 + Level 2.2 Staves
 + Level 2.2 Slings
 + Level 2.2 Bows
 + Level 2.2 Crossbows
 + Level 2.2 Throwing
 + Level 5.1 Armour
 + Level 3.4 Dodging
 + Level 2.2 Stealth
 + Level 2.2 Shields
 + Level 2.2 Unarmed Combat
 + Level 2.2 Spellcasting
 + Level 1.8 Conjurations
 + Level 1.8 Hexes
 + Level 1.8 Charms
 + Level 1.8 Summonings
 + Level 1.8 Necromancy
 + Level 1.8 Translocations
 + Level 1.8 Transmutations
 + Level 1.8 Fire Magic
 + Level 1.8 Ice Magic
 + Level 1.8 Air Magic
 + Level 1.8 Earth Magic
 + Level 1.8 Poison Magic
 + Level 2.5 Invocations
 + Level 2.2 Evocations


You had 10 spell levels left.
You didn't know any spells.
Your spell library was empty.

Dungeon Overview and Level Annotations

Branches:
Dungeon (4/15)             Temple (0/1) D:4

Altars:
Makhleb
Ru
Xom

Annotations:
D:2 Terence
D:4 Pikel


Innate Abilities, Weirdness & Mutations

Your experience applies equally to all skills.
You have very sharp teeth.
Your uncanny sense of smell can sniff out nearby items.


Message History

Pikel hits the slave with a +2 whip of flaming.
Pikel burns the slave.
Pikel hits himself but does no damage.
The slave hits you.
* * * LOW HITPOINT WARNING * * *
The slave hits you.
* * * LOW HITPOINT WARNING * * *
Unknown command.
You feel better. The steam dragon bites you.
* * * LOW HITPOINT WARNING * * *
The steam dragon claws you but does no damage.
The slave closely misses you. The slave barely misses you.
You strike the helpless Pikel from behind!
You hit Pikel.
Pikel is almost dead.
You hit the slave. x2; You burn the slave.
You hit the steam dragon. You burn the steam dragon.
The slave barely misses you. The steam dragon breathes steam at you.
The ball of steam hits you!
You die...
Xom titters!

#. #. ... ##.K ..#
.. #... ...### ..
... #...#.∆ ^##.# #
#. #.... ....##.#
..#
###.>.#####.......
#....#.....#...p..#
#..#.. #...#.p@K.#
#.....###....D####
#.#..#.#.#...##.#
#......#............
#.#..#.......##...
#........##.##
#..##.#.## .#
##...###..# .#
.###..#..#...#∆..


You could see Pikel (confused), a steam dragon and 2 slaves.

Vanquished Creatures
  Sigmund (D:2)
  A slave (D:4)
  A scorpion (D:4)
  Crazy Yiuf (D:2)
  2 worker ants (D:4)
  10 gnolls
  4 adders
  A worm (D:3)
  2 dart slugs
  A leopard gecko (D:3)
  An orc (D:3)
  4 ball pythons
  4 bats
  3 giant cockroaches
  7 goblins
  7 hobgoblins
  7 jackals
  11 kobolds
  10 frilled lizards
  7 rats
85 creatures vanquished.

Vanquished Creatures (collateral kills)
  A kobold (D:2)
1 creature vanquished.

Grand Total: 86 creatures vanquished

Notes
Turn   | Place    | Note
-------+----------+-------------------------------------------
     0 | D:1      | MisterFreud the Gnoll Chaos Knight began the quest for the
                  | Orb.
     0 | D:1      | Reached XP level 1. HP: 23/23 MP: 1/1
    89 | D:1      | Reached XP level 2. HP: 26/29 MP: 2/2
   192 | D:1      | XOM is BORED!
   192 | D:1      | XOM: noise
   215 | D:1      | XOM: mild Tloc miscast
   514 | D:1      | Noticed a shapeshifter
   514 | D:1      | a hobgoblin changed into a shapeshifter
   514 | D:1      | Noticed a yak
   514 | D:1      | a shapeshifter changed into a yak
   519 | D:1      | Noticed a naga
   519 | D:1      | a yak changed into a naga
   555 | D:2      | Reached XP level 3. HP: 35/35 MP: 3/3
   640 | D:2      | Found a runed translucent door.
   641 | D:2      | Noticed Crazy Yiuf
   650 | D:2      | Killed Crazy Yiuf
   650 | D:2      | Reached skill level 1 in Long Blades
   650 | D:2      | Reached skill level 1 in Axes
   650 | D:2      | Reached skill level 1 in Maces & Flails
   650 | D:2      | Reached skill level 1 in Polearms
   650 | D:2      | Reached skill level 1 in Staves
   650 | D:2      | Reached skill level 1 in Slings
   650 | D:2      | Reached skill level 1 in Bows
   650 | D:2      | Reached skill level 1 in Crossbows
   650 | D:2      | Reached skill level 1 in Throwing
   650 | D:2      | Reached skill level 1 in Stealth
   650 | D:2      | Reached skill level 1 in Shields
   650 | D:2      | Reached skill level 1 in Unarmed Combat
   650 | D:2      | Reached skill level 1 in Spellcasting
   650 | D:2      | Reached skill level 1 in Invocations
   650 | D:2      | Reached skill level 1 in Evocations
   701 | D:2      | Reached XP level 4. HP: 38/41 MP: 5/5
   806 | D:2      | Noticed Terence
   806 | D:2      | XOM: silly message
  1191 | D:2      | Reached skill level 1 in Conjurations
  1191 | D:2      | Reached skill level 1 in Hexes
  1191 | D:2      | Reached skill level 1 in Charms
  1191 | D:2      | Reached skill level 1 in Summonings
  1191 | D:2      | Reached skill level 1 in Necromancy
  1191 | D:2      | Reached skill level 1 in Translocations
  1191 | D:2      | Reached skill level 1 in Transmutations
  1191 | D:2      | Reached skill level 1 in Fire Magic
  1191 | D:2      | Reached skill level 1 in Ice Magic
  1191 | D:2      | Reached skill level 1 in Air Magic
  1191 | D:2      | Reached skill level 1 in Earth Magic
  1191 | D:2      | Reached skill level 1 in Poison Magic
  1224 | D:2      | Noticed Sigmund
  1227 | D:2      | XOM: divination: detect items
  1232 | D:2      | XOM: cast spell 'Ring of Flames'
  1233 | D:2      | Killed Sigmund
  1233 | D:2      | Reached XP level 5. HP: 20/47 MP: 5/7
  1233 | D:2      | Reached XP level 6. HP: 22/53 MP: 5/8
  1499 | D:2      | XOM: summons 3 hostile demons
  1613 | D:2      | XOM: torment (16/53 hp)
  1707 | D:2      | XOM: mild Summ miscast
  1875 | D:2      | XOM: cloud trail
  2244 | D:2      | Found a sacrificial altar of Ru.
  2470 | D:3      | Reached skill level 5 in Armour
  2542 | D:3      | Found a burning altar of Makhleb.
  2617 | D:3      | Found a shimmering altar of Xom.
  2723 | D:3      | XOM: confusion (+ monsters)
  2915 | D:4      | XOM: fog
  2943 | D:4      | XOM: noise
  2950 | D:4      | Reached XP level 7. HP: 29/59 MP: 10/10
  3194 | D:4      | Found a staircase to the Ecumenical Temple.
  3196 | D:4      | Noticed Pikel
  3209 | D:4      | XOM: confuse monster(s)
  3218 | D:4      | XOM: cleaving
  3219 | D:4      | XOM: swap monsters
  3222 | D:4      | Noticed a steam dragon
  3222 | D:4      | a slave changed into a steam dragon
  3228 | D:4      | Killed from afar by a steam dragon

Levels and vault maps discovered:
D:1:      moated_graveyard_arrival, layout_basic
D:2:      layout_basic, nicolae_ru_path_of_blood, minmay_pentomino_s4,
          uniq_sigmund, uniq_terence, uniq_crazy_yiuf_cottage
D:3:      layout_basic, lemuel_round_altar, nicolae_overflow_crystal_walls,
          feat_on_display
D:4:      layout_cave_pools, grunt_dithmenos_shadows,
          minmay_temple_entry_arrows, first_ration, minmay_hedge_maze,
          minmay_bisected, uniq_pikel, uniq_robin

Skill      XL: |  1  2  3  4  5  6 |
---------------+-------------------+-----
Long Blades    | 1 2 |  2.2
Axes           | 1 2 |  2.2
Maces & Flails | 1 2 |  2.2
Polearms       | 1 2 |  2.2
Staves         | 1 2 |  2.2
Slings         | 1 2 |  2.2
Bows           | 1 2 |  2.2
Crossbows      | 1 2 |  2.2
Throwing       | 1 2 |  2.2
Stealth        | 1 2 |  2.2
Shields        | 1 2 |  2.2
Unarmed Combat | 1 2 |  2.2
Spellcasting   | 1 2 |  2.2
Invocations    | 1 2 |  2.5
Evocations     | 1 2 |  2.2
Conjurations   | 1 |  1.8
Hexes          | 1 |  1.8
Charms         | 1 |  1.8
Summonings     | 1 |  1.8
Necromancy     | 1 |  1.8
Translocations | 1 |  1.8
Transmutations | 1 |  1.8
Fire Magic     | 1 |  1.8
Ice Magic      | 1 |  1.8
Air Magic      | 1 |  1.8
Earth Magic    | 1 |  1.8
Poison Magic   | 1 |  1.8
Dodging        | 3 |  3.4
Armour         | 5 |  5.1
Fighting       | |  6.9
Short Blades   | |  6.9

Action                   |  1- 3 |  4- 6 |  7- 9 || total
-------------------------+-------+-------+-------++-------
Melee: Short sword       |    68 |       |       ||    68
       Bite              |     6 |    18 |     2 ||    26
       Quarterstaff      |     3 |   158 |    21 ||   182
  Use: Potion            |       |     1 |     1 ||     2
       Scroll            |       |     9 |       ||     9
 Stab: Sleeping          |     2 |       |       ||     2
       Paralysed         |     1 |     2 |       ||     3
       Confused          |       |     1 |     1 ||     2
  Eat: Chunk             |       |     7 |       ||     7
Armor: Leather armour    |    12 |    62 |     9 ||    83
Dodge: Dodged            |    29 |   112 |    23 ||   164

Table legend:
 A = Non-vault XP
 B = Vault XP
 C = Vault XP percentage of total XP
 D = Non-vault monster count
 E = Vault monster count
 F = Vault count percentage of total count
                 A         B        C        D         E       F
            +---------+---------+-------+---------+---------+-------
      Total |     427 |     267 |  38.5 |      81 |       4 |   4.7
            +---------+---------+-------+---------+---------+-------
        D:1 |      32 |       0 |   0.0 |      20 |       0 |   0.0
        D:2 |     105 |     267 |  71.8 |      27 |       4 |  12.9
        D:3 |     132 |       0 |   0.0 |      25 |       0 |   0.0
        D:4 |     158 |       0 |   0.0 |       9 |       0 |   0.0
            +---------+---------+-------+---------+---------+-------
